 Dungeon Crawl Stone Soup version 0.27-b1-23-g44b8eac545 (webtiles) character file.

Game seed: 13396547745335807788

41344 ABBCCCDDDD the Brawler (level 13, -11/135 HPs)
             Began as a Troll Summoner on July 27, 2021.
             Was a High Priest of Qazlal.
             Succumbed to a cane toad's poison
             ... while paralysed by a hornet
             ... on level 6 of the Lair of Beasts.
             The game lasted 00:41:54 (15588 turns).

ABBCCCDDDD the Brawler (Troll Summoner)            Turns: 15588, Time: 00:41:55

Health: -11/135    AC:  6    Str: 22    XL:     13   Next: 79%
Magic:  18/18      EV:  1    Int: 11    God:    Qazlal [*****.]
Gold:   915        SH:  0    Dex: 11    Spells: 13/14 levels left

rFire    . . .     SeeInvis .     - Unarmed
rCold    + . .     Faith    .   O - +0 kite shield
rNeg     + . .     Spirit   .   J - +2 robe {rC+}
rPois    .         Reflect  .   (helmet restricted)
rElec    .         Harm     .   (no cloak)
rCorr    .         Rampage  .   (gloves unavailable)
Will     +....                  (boots unavailable)
Stlth    +.........             m - amulet of magic regeneration
HPRegen  1.32/turn              j - ring of willpower
MPRegen  0.41/turn              G - ring of positive energy

@: paralysed, lethally poisoned (-11 -> -69), marked, slowed, repel missiles
A: large, unfitting armour, claws 3, regeneration 1, shaggy fur 1, tough skin 1
a: Renounce Religion, Upheaval, Elemental Force, Disaster Area


You were on level 6 of the Lair of Beasts.
You worshipped Qazlal.
Qazlal was extremely pleased with you.
You visited 3 branches of the dungeon, and saw 18 of its levels.

You collected 981 gold pieces.
You spent 66 gold pieces at shops.

Inventory:

Hand Weapons
 a - a +1 scimitar of flaming
 d - a +2 dagger of electrocution
 h - a +2 short sword of freezing
 I - the +2 dagger of Ackumut {elec, Drain rPois Will+}
   (You found it on level 8 of the Dungeon)

   It occasionally discharges a powerful burst of electricity upon striking a
   foe.
   rPois:     It protects you from poison.
   Drain:     It drains your maximum health when unequipped.
   Will:      It increases your willpower.
Missiles
 g - 4 atropa-tipped darts
 l - 595 stones
 w - 12 javelins
 x - 80 poisoned darts (quivered)
Armour
 J - a +2 robe of cold resistance (worn)
 O - a +0 kite shield (worn)
Jewellery
 j - a ring of willpower (left claw)
 m - an amulet of magic regeneration (around neck)
 G - a ring of positive energy (right claw)
Wands
 f - a wand of mindburst (32)
 u - a wand of polymorph (8)
 y - a wand of flame (8)
 D - a wand of paralysis (6)
 E - a wand of acid (17)
 F - a wand of iceblast (2)
Scrolls
 c - 2 scrolls of blinking
 i - 5 scrolls of vulnerability
 k - 4 scrolls of summoning
 p - 4 scrolls of torment
 r - 4 scrolls of noise
 t - 3 scrolls of magic mapping
 v - 5 scrolls of teleportation
 C - 4 scrolls of enchant weapon
 H - 2 scrolls of brand weapon {unknown}
 N - a scroll of acquirement {unknown}
 P - 4 scrolls of amnesia {unknown}
 S - a scroll of enchant armour {unknown}
Potions
 b - 5 potions of attraction
 e - 2 potions of mutation
 n - 14 potions of ambrosia
 o - 3 potions of haste
 q - 2 potions of lignification
 s - 3 potions of brilliance
 z - a potion of might
 A - 4 potions of heal wounds
 B - 2 potions of resistance
 K - a potion of magic
 L - 7 potions of curing
 M - 2 potions of degeneration {unknown}
Miscellaneous
 Q - a phial of floods
 R - a piece from Xom's chessboard (15/15)


   Skills:
 + Level 10.6 Fighting
 - Level 5.0 Dodging
 - Level 1.0 Stealth
 + Level 7.0 Shields
 + Level 15.0 Unarmed Combat
 - Level 1.2 Spellcasting
 - Level 2.9 Summonings
 + Level 8.5 Invocations


You had 13 spell levels left.
You knew the following spells:

 Your Spells              Type           Power      Damage    Failure   Level
a - Summon Small Mammal   Summ           28%        N/A       14%         1

Your spell library contained the following spells:

 Spells                   Type           Power      Damage    Failure   Level
 Call Imp                 Summ           7%         N/A       22%         2
 Call Canine Familiar     Summ           7%         N/A       38%         3
 Animate Skeleton         Necr           0%         N/A       43%         1
 Foxfire                  Conj/Fire      0%         2x1d4     43%         1
 Pain                     Necr           0%         1d4       43%         1
 Summon Guardian Golem    Hex/Summ       3%         N/A       61%         3
 Conjure Flame            Conj/Fire      0%         6-21      82%         3
 Inner Flame              Hex/Fire       0%         N/A       82%         3
 Tukima's Dance           Hex            0%         N/A       82%         3
 Vampiric Draining        Necr           0%         2d6       82%         3
 Summon Lightning Spire   Summ/Air       3%         N/A       95%         4
 Passage of Golubria      Tloc           N/A        N/A       99%         4
 Freezing Cloud           Conj/Ice/Air   0%         6-21      100%        5
 Yara's Violent Unravell  Hex/Tmut       0%         3d3       100%        5
 Simulacrum               Ice/Necr       0%         N/A       100%        6
 Polar Vortex             Ice            0%         N/A       100%        9


Dungeon Overview and Level Annotations

Branches:
Dungeon (11/15)            Temple (1/1) D:5            Lair (6/6) D:9
 Shoals (0/4) Lair:4       Spider (0/4) Lair:3          Orc (0/2) D:11
  Slime: Lair:5-6

Altars:
Ashenzari
Cheibriados
Dithmenos
Elyvilon
Fedhas
Gozag
Hepliaklqana
Kikubaaqudgha
Makhleb
Okawaru
Qazlal
Ru
Sif Muna
Trog
Uskayaw
Vehumet
Wu Jian
Xom
Yredelemnul
Zin
The Shining One

Shops:
D:1 *   D:6 [   D:7 *:   D:9 (   D:10 [

Annotations:
D:2 1 runed translucent door, Crazy Yiuf
Lair:1 1 runed translucent door, Xixaub Eqygg's ghost, journeyman DrTm
Lair:4 1 runed translucent door, Tunlugh's ghost, adept GrEE


Innate Abilities, Weirdness & Mutations

You are too large for most types of armour.
You have claws for hands.
Your natural rate of healing is unusually fast.
You are covered in fur. (AC +1)
You have tough skin. (AC +1)


Message History

You climb downwards.
A black mamba comes into view.
You block the blink frog's attack. x2; The hornet misses you.
A sea snake comes into view.
The blink frog closely misses you. You block the cane toad's attack.
The hornet stings you!
You feel yourself slow down.
There is a stone staircase leading up here.
The blink frog hits you but does no damage.
The hornet stings you.
You suddenly lose the ability to move!
The water moccasin bites you but does no damage.
The cane toad stings you!
You are poisoned.
The cane toad poisons you! The cane toad stings you! The blink frog hits you.
The blink frog blinks!
The hornet is struck by lightning.
The hornet stings you!
You feel as though you will be slow longer.
The hornet is engulfed in blazing flames.
The water moccasin bites you. The cane toad stings you.
You are more poisoned.
The cane toad poisons you! The cane toad stings you!
The blink frog blinks!
The blink frog hits you but does no damage.
You feel extremely sick. The hornet stings you!
You feel as though you will be slow longer.
The hornet stings you!
You feel as though you will be slow longer.
The water moccasin bites you! The cane toad stings you!
* * * LOW HITPOINT WARNING * * *
You are more poisoned.
The cane toad poisons you! The cane toad stings you!!
* * * LOW HITPOINT WARNING * * *
You are more poisoned.
The cane toad poisons you!
The blink frog blinks!
The hornet is struck by lightning.
The hornet stings you.
* * * LOW HITPOINT WARNING * * *
You feel as though you will be slow longer.
The hornet stings you.
* * * LOW HITPOINT WARNING * * *
You feel as though you will be slow longer.
You die...

## ###.# .#$#
###°..###.
#.#.y°☼.....
#..@F......
#.yFS......
#.$°S○..........
##....F.S........
#.....§..........
..................
.#P....F...........
###.............#.
#..............


You could see a sea snake, a black mamba, 2 cane toads, 2 blink frogs, 2 hornets
and a water moccasin.

Vanquished Creatures
  A boulder beetle (D:11)
  3 catoblepae
  A centaur warrior (D:7)
  6 hydras
  Erica (D:8)
  A death yak (Lair:3)
  2 two-headed ogres (D:11)
  2 cyclopes
  6 elephants
  3 manticores
  2 centaur zombies
  A black mamba (Lair:3)
  A torpor snail (Lair:5)
  6 cane toads
  3 rime drakes
  5 komodo dragons
  An unseen horror (D:10)
  Psyche (D:8)
  A kobold demonologist (D:8)
  A jumping spider (Lair:3)
  A queen bee (Lair:4)
  3 meliai (Lair:4)
  A troll (D:10)
  A polar bear (Lair:4)
  A wind drake (Lair:4)
  14 blink frogs
  A redback (Lair:3)
  2 vampires
  A spriggan (Lair:4)
  A shadow (D:11)
  2 wyverns
  40 yaks
  A wraith (D:11)
  4 vampire mosquitoes (D:11)
  5 basilisks
  3 steam dragons
  A warg (D:11)
  An acid dragon (D:11)
  11 water moccasins
  Duvessa (D:6)
  3 ice beasts
  3 ogres
  5 orc warriors
  A sky beast (D:6)
  A black bear (D:6)
  6 wolves (Lair:4)
  A necrophage (D:4)
  5 centaurs
  3 kobold brigands
  2 phantoms
  7 bullfrogs
  A wyvern zombie (D:9)
  2 gnoll sergeants (D:10)
  2 scorpions (D:4)
  Dowan (D:6)
  A wyvern skeleton (D:7)
  21 killer bees (Lair:4)
  8 howler monkeys
  8 wights
  An electric eel (D:10)
  2 jellies
  3 hounds
  A gnoll shaman (D:7)
  5 orc priests
  A centaur skeleton (D:5)
  2 iguanas (D:4)
  8 orc wizards
  Ijyb (D:3)
  Natasha (thrice) (D:2)
  5 hell rats (Lair:2)
  A killer bee zombie (D:7)
  3 howler monkey zombies
  Robin (D:2)
  A howler monkey skeleton (D:6)
  9 gnolls
  4 adders
  A river rat (D:6)
  A shadow imp (D:8)
  A worm (D:4)
  A dart slug (D:1)
  37 orcs
  9 ball pythons
  2 endoplasms
  7 giant cockroaches
  14 hobgoblins
  4 jackals
  7 quokkas
  6 bats
  3 frilled lizards
  14 goblins
  20 kobolds
  8 rats
410 creatures vanquished.

Vanquished Creatures (collateral kills)
  3 death yaks (Lair:3)
  2 elephants
  A black mamba (Lair:3)
  A komodo dragon (Lair:3)
7 creatures vanquished.

Vanquished Creatures (others)
  A bush (D:4)
  27 fungi
  40 plants
68 creatures vanquished.

Grand Total: 485 creatures vanquished

Notes
Turn   | Place    | Note
-------+----------+-------------------------------------------
     0 | D:1      | ABBCCCDDDD the Troll Summoner began the quest for the Orb.
     0 | D:1      | Reached XP level 1. HP: 16/16 MP: 1/1
   105 | D:1      | Reached skill level 1 in Unarmed Combat
   154 | D:1      | Reached XP level 2. HP: 26/26 MP: 2/2
   348 | D:1      | Found a faded altar of an unknown god.
   412 | D:1      | Reached skill level 2 in Unarmed Combat
   539 | D:1      | Reached skill level 1 in Fighting
   633 | D:1      | Found Nixijoqe's General Store.
   638 | D:1      | Bought a potion of lignification for 36 gold pieces
   829 | D:2      | Noticed Robin
   883 | D:2      | Reached XP level 3. HP: 33/33 MP: 3/3
  1122 | D:2      | Found a runed translucent door.
  1123 | D:2      | Noticed Crazy Yiuf
  1252 | D:2      | Noticed Natasha
  1258 | D:2      | Killed Natasha
  1259 | D:2      | Reached skill level 3 in Unarmed Combat
  1259 | D:2      | Reached XP level 4. HP: 39/41 MP: 4/4
  1290 | D:2      | Noticed Natasha
  1301 | D:2      | Killed Natasha
  1305 | D:2      | Noticed Natasha
  1311 | D:2      | Killed Natasha
  1541 | D:2      | Killed Robin
  1542 | D:2      | Reached XP level 5. HP: 49/49 MP: 5/5
  1801 | D:3      | Reached skill level 4 in Unarmed Combat
  1846 | D:3      | Found an opulent altar of Gozag.
  2009 | D:3      | Found a burning altar of Makhleb.
  2009 | D:3      | Noticed an Executioner
  2012 | D:3      | Noticed a smoke demon
  2012 | D:3      | Noticed a ynoxinul
  2451 | D:3      | Noticed Ijyb
  2464 | D:3      | Killed Ijyb
  2667 | D:4      | Noticed a necrophage
  2674 | D:4      | Killed a necrophage
  2675 | D:4      | Reached XP level 6. HP: 46/59 MP: 6/6
  2714 | D:4      | Reached skill level 5 in Unarmed Combat
  2810 | D:4      | Noticed an ice beast
  2852 | D:4      | Killed an ice beast
  2853 | D:4      | Reached XP level 7. HP: 58/67 MP: 7/7
  2883 | D:4      | Found a hide-covered altar of Uskayaw.
  2929 | D:4      | Found a shimmering blue altar of Sif Muna.
  2953 | D:4      | Reached skill level 6 in Unarmed Combat
  2972 | D:4      | Found a white marble altar of Elyvilon.
  2974 | D:4      | Found a basalt altar of Yredelemnul.
  3017 | D:4      | Found a shadowy altar of Dithmenos.
  3181 | D:4      | Found a snail-covered altar of Cheibriados.
  3193 | D:4      | Found a broken altar of Ashenzari.
  3218 | D:5      | Entered Level 5 of the Dungeon
  3322 | D:5      | Found a staircase to the Ecumenical Temple.
  3344 | Temple   | Entered the Ecumenical Temple
  3392 | Temple   | Became a worshipper of Qazlal Stormbringer
  3448 | D:5      | Found a radiant altar of Vehumet.
  3625 | D:5      | Reached skill level 7 in Unarmed Combat
  4113 | D:6      | Reached XP level 8. HP: 75/78 MP: 8/8
  4205 | D:6      | Reached skill level 8 in Unarmed Combat
  4212 | D:6      | Noticed Duvessa
  4212 | D:6      | Noticed Dowan
  4218 | D:6      | Killed Duvessa
  4230 | D:6      | Killed Dowan
  4380 | D:6      | Reached skill level 5 in Fighting
  4380 | D:6      | Reached skill level 1 in Invocations
  4419 | D:6      | Reached skill level 9 in Unarmed Combat
  4489 | D:6      | Reached * piety under Qazlal
  4520 | D:6      | Found a hazy altar of Hepliaklqana.
  4545 | D:6      | Found Kiost's Antique Armour Boutique.
  4983 | D:7      | Noticed a death knight
  5109 | D:7      | Found Xosas's Book Boutique.
  5182 | D:6      | Reached XP level 9. HP: 77/88 MP: 9/9
  5250 | D:7      | Found Kasiam's General Store.
  5273 | D:7      | Bought a scroll of identify for 30 gold pieces
  5312 | D:7      | Found a sacrificial altar of Ru.
  5397 | D:7      | Reached skill level 10 in Unarmed Combat
  5621 | D:7      | Noticed a rust devil
  5621 | D:7      | Noticed a rust devil
  5728 | D:8      | Noticed Erica
  5736 | D:8      | Killed Erica
  5736 | D:8      | Reached ** piety under Qazlal
  5770 | D:8      | Noticed Psyche
  5774 | D:8      | Killed Psyche
  5775 | D:8      | Reached skill level 11 in Unarmed Combat
  5775 | D:8      | Reached XP level 10. HP: 100/100 MP: 12/12
  5924 | D:8      | Identified the +2 dagger of Ackumut {elec, Drain rPois
                  | Will+}
  5950 | D:8      | Noticed a cyclops
  5951 | D:8      | Noticed a centaur warrior
  6116 | D:7      | Killed a centaur warrior
  6282 | D:8      | Killed a cyclops
  6283 | D:8      | Reached skill level 12 in Unarmed Combat
  6610 | D:9      | Reached *** piety under Qazlal
  7015 | D:9      | Found Yxoaru's Antique Weapon Emporium.
  7166 | D:9      | Found a staircase to the Lair.
  7698 | D:10     | Entered Level 10 of the Dungeon
  7698 | D:10     | Found Bisoth's Armour Shop.
  7768 | D:9      | Reached XP level 11. HP: 80/111 MP: 13/13
  8519 | D:11     | Reached **** piety under Qazlal
  8529 | D:11     | Reached skill level 13 in Unarmed Combat
  8986 | D:11     | Noticed a boulder beetle
  8989 | D:11     | Found a staircase to the Orcish Mines.
  8999 | D:11     | Killed a boulder beetle
  9000 | D:11     | Reached skill level 1 in Shields
  9113 | D:11     | Noticed a two-headed ogre
  9119 | D:11     | Killed a two-headed ogre
  9120 | D:11     | Reached skill level 5 in Invocations
  9181 | D:11     | Noticed a two-headed ogre
  9196 | D:11     | Killed a two-headed ogre
  9200 | D:11     | Reached ***** piety under Qazlal
  9466 | Lair:1   | Entered Level 1 of the Lair of Beasts
  9475 | Lair:1   | Noticed Xixaub Eqygg's ghost (journeyman DrTm)
  9557 | Lair:1   | Reached skill level 5 in Dodging
  9885 | Lair:1   | Found a runed translucent door.
 10443 | Lair:2   | Noticed a four-headed hydra
 10444 | Lair:2   | Noticed a five-headed hydra
 10447 | Lair:2   | Noticed a five-headed hydra
 10451 | Lair:2   | Killed a five-headed hydra
 10452 | Lair:2   | Reached XP level 12. HP: 78/122 MP: 15/15
 10456 | Lair:2   | Killed a seven-headed hydra
 10559 | Lair:2   | Killed a six-headed hydra
 10961 | Lair:2   | Noticed a four-headed hydra
 10982 | Lair:2   | Killed an eight-headed hydra
 11608 | Lair:3   | Noticed a five-headed hydra
 11644 | Lair:2   | Killed a seven-headed hydra
 11670 | Lair:3   | Noticed a death yak
 11670 | Lair:3   | Noticed a death yak
 11672 | Lair:3   | Noticed a death yak
 11673 | Lair:3   | Noticed a death yak
 11754 | Lair:2   | Reached skill level 14 in Unarmed Combat
 11839 | Lair:3   | Reached skill level 5 in Shields
 12087 | Lair:3   | Killed a death yak
 12089 | Lair:3   | Killed a death yak
 12093 | Lair:3   | Killed a death yak
 12168 | Lair:3   | Noticed a catoblepas
 12178 | Lair:3   | Killed a catoblepas
 12179 | Lair:3   | Reached XP level 13. HP: 115/132 MP: 17/17
 12347 | Lair:3   | Found a hole to the Spider Nest.
 12923 | Lair:4   | Found a staircase to the Shoals.
 13068 | Lair:4   | Reached skill level 10 in Fighting
 13282 | Lair:4   | Found a runed translucent door.
 13289 | Lair:4   | Noticed Tunlugh's ghost (adept GrEE)
 13293 | Lair:4   | Identified the +9 trident of Byluidank {vorpal, *Rage rCorr
                  | SInv Stlth+}
 15471 | Lair:6   | Entered Level 6 of the Lair of Beasts
 15500 | Lair:5   | Reached skill level 15 in Unarmed Combat
 15586 | Lair:6   | Paralysed by a hornet for 3 turns
 15587 | Lair:6   | HP: 3/135 [hornet (6)]
 15588 | Lair:6   | Succumbed to a cane toad's poison

Illustrated notes

Levels and vault maps discovered:
D:1:      co_arrival_two_rings, layout_loops_ring,
          dreamdust_ecumenical_altar_statues, serial_shops, nicolae_shop_trees,
          dk_noncrumbling_4
D:2:      layout_rooms, uniq_crazy_yiuf_cottage, uniq_robin, uniq_natasha
D:3:      minmay_general_purpose_star, layout_basic,
          mainiacjoe_overflow_24_doors, makhleb_altar_promises_db,
          chequers_serial_rivers_micro_c, minmay_crystal_room,
          palyth_stone_intersect, uniq_ijyb
D:4:      layout_rooms, nicolae_overflow_hidden_temple,
          gammafunk_temple_overflow_forgotten
D:5:      layout_loops_ring, fiery_altar_vehumet, minmay_temple_entry_slanted,
          minmay_misc_feat_square, st_stairs_13
D:6:      layout_loops_cross, mainiacjoe_overflow_six_doors_small,
          portal_sewer_entry_e, serial_shops, nicolae_shop_behind_doors,
          minmay_misc_feat_more_columns, minmay_misc_feat_iff, uniq_duvessa
D:7:      cheibrodos_iron_armory, layout_rooms, kennysheep_little_box,
          serial_shops, shop, shop, minmay_misc_feat_columns,
          kennysheep_generic_room_6
D:8:      minmay_bloctagon_deflated, layout_basic, uniq_erica, uniq_psyche
D:9:      layout_layer_cave, lair_entry_dummy, serial_shops,
          nicolae_stop_n_shop_1
D:10:     layout_cave_pools, nicolae_inconvenience_store
D:11:     layout_loops_ring, erik_orc_4, chequers_avenue
Temple:   jpeg_temple_island
Lair:1:   layout_cave_pods, hellmonk_ghost_happy_afterlife
Lair:2:   layout_cellular_growth, st_stairs_6
Lair:3:   layout_chaotic_city, spider_nest_entry_a
Lair:4:   nzn_motion_control, layout_loops_ring, minmay_shoals_entry_beasts,
          special_room [special_room_bee], ebering_ghost_funeral_grove,
          wad_woods_03
Lair:5:   layout_cave_pods, serial_bayou_shore_a
Lair:6:   gammafunk_lair_ancient_temple, layout_cave_pods, slime_altar_1

Skill      XL: |  1  2  3  4  5  6  7  8  9 10 11 12 13 |
---------------+----------------------------------------+-----
Unarmed Combat | 1 2 3 4 5 7 9 11 12 13 14 15 | 15.0
Fighting       | 1 2 3 4 5 6 7 8 9 10 | 10.6
Invocations    | 2 4 5 7 8 |  8.5
Dodging        | 2 5 |  5.0
Shields        | 2 5 7 |  7.0
Stealth        | |  1.0
Spellcasting   | |  1.2
Summonings     | |  2.9

Action                   |  1- 3 |  4- 6 |  7- 9 | 10-12 | 13-15 || total
-------------------------+-------+-------+-------+-------+-------++-------
Melee: Unarmed           |   119 |   164 |   203 |   524 |   274 ||  1284
       Punch             |       |     1 |     8 |    37 |    16 ||    62
Throw: Stone             |       |     2 |       |       |       ||     2
       Dart              |       |       |    10 |     4 |       ||    14
       Javelin           |       |       |     1 |       |       ||     1
 Cast: Summon Small Mamm |     3 |       |       |       |       ||     3
Invok: Elemental Force   |       |       |       |     2 |     1 ||     3
       Disaster Area     |       |       |       |     1 |       ||     1
Evoke: Wand              |       |       |    11 |    19 |    14 ||    44
  Use: Potion            |       |     1 |     1 |       |     3 ||     5
       Scroll            |       |       |     7 |     8 |     5 ||    20
 Stab: Sleeping          |       |       |     3 |       |       ||     3
       Paralysed         |       |       |       |     2 |       ||     2
       Petrified         |       |       |       |       |     3 ||     3
       Distracted        |       |       |       |       |     1 ||     1
       Petrifying        |       |       |       |       |     1 ||     1
Armor: Robe              |    50 |    40 |    69 |   116 |    57 ||   332
       Skin              |       |     5 |       |       |     2 ||     7
Dodge: Dodged            |    64 |    66 |    91 |   171 |   105 ||   497
       Repelled          |       |       |       |     4 |     2 ||     6
Block: Other             |       |       |     3 |   110 |    40 ||   153
       Kite shield       |       |       |       |       |    40 ||    40
